BR (22 & UNDER)
OTTAWA FAT CATS @ YELLOWKNIFE CLAWS
09/07/2028
 
TOP OF THE 1ST
Ottawa Fat Cats batting - Pitching for Yellowknife Claws : RHP Juan Castro
Pitching: RHP Juan Castro
Batting: RHB Rudy Boyd 0-0: Called Strike
0-1: Ball
1-1: Ball
2-1: Fly out, F7 (Flyball, 7)
Batting: RHB Dennis Kelly 0-0: Ground out 4-3 (Groundball, 4)
Batting: RHB Robert Blanchard 0-0: Called Strike
0-1: Ball
1-1: Swinging Strike
1-2: Foul Ball, location: 2F
1-2: Ball
2-2: Strikes out looking
Top of the 1st over - 0 run(s), 0 hit(s), 0 error(s), 0 left on base; Ottawa 0 - Yellowknife 0
BOTTOM OF THE 1ST
Yellowknife Claws batting - Pitching for Ottawa Fat Cats : RHP Mauro Ramos
Pitching: RHP Mauro Ramos
Batting: RHB Sergio Ortíz 0-0: Fly out, F8 (Flyball, 8RM)
Batting: RHB Preston Church 0-0: Ball
1-0: Called Strike
1-1: Ball
2-1: Ball
3-1: Foul Ball, location: 2F
3-2: Strikes out swinging
Batting: RHB Rubén Palma 0-0: Ball
1-0: SINGLE (Groundball, 34D)
Batting: SHB Brock Owens 0-0: Called Strike
0-1: Foul Ball, location: 2F
0-2: Foul Ball, location: 2F
0-2: Reached via error on a dropped throw, E3
Rubén Palma to second
Batting: SHB Armondo Goro 0-0: Swinging Strike
0-1: Swinging Strike
0-2: Ball
1-2: Ball
2-2: Foul Ball, location: 2F
2-2: Strikes out swinging
Bottom of the 1st over - 0 run(s), 1 hit(s), 1 error(s), 2 left on base; Ottawa 0 - Yellowknife 0
TOP OF THE 2ND
Ottawa Fat Cats batting - Pitching for Yellowknife Claws : RHP Juan Castro
Batting: RHB Lawrence Howard 0-0: Foul Ball, location: 2F
0-1: Swinging Strike
0-2: Foul Ball, location: 2F
0-2: Foul Ball, location: 2F
0-2: Ball
1-2: Ball
2-2: SINGLE (Groundball, 4MD)
Batting: RHB Daniel Quintana 0-0: Ball
Lawrence Howard steals 2nd base
1-0: Called Strike
1-1: Foul Ball, location: 2F
1-2: Ground out 4-3 (Groundball, 4MS)
Lawrence Howard to third
Batting: RHB Joseph Leach 0-0: Fly out, F8 (Flyball, 8RM)
Runner from 3rd tags up, SCORES, no throw
Batting: RHB Pedro Delgado 0-0: Ball
1-0: Ball
2-0: Called Strike
2-1: Called Strike
2-2: Ball
3-2: Ground out 6-3 (Groundball, 6)
Top of the 2nd over - 1 run(s), 1 hit(s), 0 error(s), 0 left on base; Ottawa 1 - Yellowknife 0
BOTTOM OF THE 2ND
Yellowknife Claws batting - Pitching for Ottawa Fat Cats : RHP Mauro Ramos
Batting: RHB Noah Sturges 0-0: Ball
1-0: Ball
2-0: Ground out 4-3 (Groundball, 4)
Batting: RHB Mario Díaz 0-0: Ball
1-0: SINGLE (Groundball, 4D)
Batting: RHB Bob Bishop 0-0: Called Strike
0-1: Foul Ball, location: 2F
0-2: Ball
1-2: Strikes out swinging
Batting: RHB Jeff Benson 0-0: Ball
1-0: Swinging Strike
1-1: Foul Ball, location: 2F
1-2: Ball
2-2: Fly out, F5 (Line Drive, 5)
Bottom of the 2nd over - 0 run(s), 1 hit(s), 0 error(s), 1 left on base; Ottawa 1 - Yellowknife 0
TOP OF THE 3RD
Ottawa Fat Cats batting - Pitching for Yellowknife Claws : RHP Juan Castro
Batting: RHB Ricardo Medina 0-0: Ball
1-0: Ball
2-0: Ball
3-0: Base on Balls
Batting: RHB José Vega 0-0: Swinging Strike
0-1: Swinging Strike
0-2: Fly out, F7 (Flyball, 7)
Batting: RHB Rudy Boyd 0-0: Ball
1-0: Foul Ball, location: 2F
1-1: Ball
2-1: Ball
3-1: Foul Ball, location: 2F
3-2: Strikes out looking
Ricardo Medina steals 2nd base
Batter strikes out.
Batting: RHB Dennis Kelly 0-0: Called Strike
0-1: Ground out 6-3 (Groundball, 6)
Top of the 3rd over - 0 run(s), 0 hit(s), 0 error(s), 1 left on base; Ottawa 1 - Yellowknife 0
BOTTOM OF THE 3RD
Yellowknife Claws batting - Pitching for Ottawa Fat Cats : RHP Mauro Ramos
Batting: RHB Sergio Ortíz 0-0: Ground out 1-3 (Groundball, 13)
Batting: RHB Preston Church 0-0: Ball
1-0: Ball
2-0: Called Strike
2-1: Called Strike
2-2: SINGLE (Groundball, 34D)
Batting: RHB Rubén Palma 0-0: Ball
1-0: Foul Ball, location: 2F
1-1: Ball
2-1: DOUBLE (Line Drive, 7LM)
Preston Church to third
Batting: SHB Brock Owens 0-0: Called Strike
0-1: Ball
1-1: Ball
2-1: Foul Ball, location: 2F
2-2: Strikes out looking
Batting: SHB Armondo Goro 0-0: Ball
1-0: Ground out 4-3 (Groundball, 34)
Bottom of the 3rd over - 0 run(s), 2 hit(s), 0 error(s), 2 left on base; Ottawa 1 - Yellowknife 0
TOP OF THE 4TH
Ottawa Fat Cats batting - Pitching for Yellowknife Claws : RHP Juan Castro
Batting: RHB Robert Blanchard 0-0: Swinging Strike
0-1: Foul Ball, location: 2F
0-2: Fly out, F8 (Flyball, 8RD)
Batting: RHB Lawrence Howard 0-0: Ground out 5-3 (Groundball, 56)
Batting: RHB Daniel Quintana 0-0: Ball
1-0: Ball
2-0: Ball
3-0: Called Strike
3-1: Reached on error, E6 (Groundball, 6)
Pitching: RHP Juan Elías
Batting: RHB Joseph Leach Pickoff Throw to First - Error! E1
Daniel Quintana to second
0-0: Swinging Strike
0-1: Ball
1-1: Swinging Strike
1-2: Foul Ball, location: 2F
1-2: Foul Ball, location: 2F
1-2: Ball
2-2: Strikes out swinging
Top of the 4th over - 0 run(s), 0 hit(s), 2 error(s), 1 left on base; Ottawa 1 - Yellowknife 0
BOTTOM OF THE 4TH
Yellowknife Claws batting - Pitching for Ottawa Fat Cats : RHP Mauro Ramos
Batting: RHB Noah Sturges 0-0: Ball
1-0: Foul Ball, location: 2F
1-1: TRIPLE (Groundball, 3L)
Batting: RHB Mario Díaz 0-0: Ball
1-0: Fly out, F4 (Line Drive, 4M)
Batting: RHB Bob Bishop 0-0: Ball
1-0: Ball
2-0: Called Strike
2-1: Ball
3-1: Foul Ball, location: 2F
3-2: Strikes out swinging
Batting: RHB Jeff Benson 0-0: Fly out, F8 (Line Drive, 8RD)
Bottom of the 4th over - 0 run(s), 1 hit(s), 0 error(s), 1 left on base; Ottawa 1 - Yellowknife 0
TOP OF THE 5TH
Ottawa Fat Cats batting - Pitching for Yellowknife Claws : RHP Juan Elías
Batting: RHB Pedro Delgado 0-0: Ball
1-0: Ground out 5-3 (Groundball, 5L)
Batting: RHB Ricardo Medina 0-0: Swinging Strike
0-1: DOUBLE (Groundball, 5L)
Batting: RHB José Vega 0-0: Ball
1-0: Ball
2-0: Ball
3-0: Called Strike
3-1: Base on Balls
Batting: RHB Rudy Boyd 0-0: Swinging Strike
0-1: Ball
1-1: Ball
2-1: Foul Ball, location: 2F
2-2: Ball
3-2: Base on Balls
Ricardo Medina to third
José Vega to second
Batting: RHB Dennis Kelly 0-0: Foul Ball, location: 2F
0-1: DOUBLE (Flyball, 7D)
Ricardo Medina scores
José Vega scores
Rudy Boyd to third
Runner from 3rd tries for Home, SAFE, no throw
Batting: RHB Robert Blanchard 0-0: Ball
1-0: Called Strike
1-1: Swinging Strike
1-2: Strikes out swinging
Batting: RHB Lawrence Howard 0-0: Called Strike
0-1: Called Strike
0-2: Strikes out swinging
Top of the 5th over - 3 run(s), 2 hit(s), 0 error(s), 1 left on base; Ottawa 4 - Yellowknife 0
BOTTOM OF THE 5TH
Yellowknife Claws batting - Pitching for Ottawa Fat Cats : RHP Mauro Ramos
Batting: RHB Sergio Ortíz 0-0: Ball
1-0: Swinging Strike
1-1: Foul Ball, location: 2F
1-2: Foul Ball, location: 2F
1-2: Ball
2-2: Foul Ball, location: 2F
2-2: Foul Ball, location: 2F
2-2: Ball
3-2: Foul Ball, location: 2F
3-2: Strikes out looking
Batting: RHB Preston Church 0-0: Called Strike
0-1: Fly out, F3 (Popup, 3L)
Batting: RHB Rubén Palma 0-0: Called Strike
0-1: Swinging Strike
0-2: Strikes out looking
Bottom of the 5th over - 0 run(s), 0 hit(s), 0 error(s), 0 left on base; Ottawa 4 - Yellowknife 0
TOP OF THE 6TH
Ottawa Fat Cats batting - Pitching for Yellowknife Claws : RHP Juan Elías
Pitching: LHP Ray Morgan
Batting: RHB Daniel Quintana 0-0: Called Strike
0-1: Ball
1-1: Ball
2-1: Ball
3-1: Called Strike
3-2: Base on Balls
Batting: RHB Joseph Leach 0-0: Called Strike
0-1: Foul Ball, location: 2F
0-2: Fielders Choice at 2nd, 1-6 (Groundball, 13S)
Batting: RHB Pedro Delgado 0-0: Ball
1-0: Foul Ball, location: 2F
1-1: Ball
2-1: Ball
3-1: SINGLE (Groundball, 6MD)
Joseph Leach to second
Throwing error, E8
Joseph Leach scores
Pedro Delgado to second
Batting: RHB Ricardo Medina 0-0: Called Strike
0-1: Ball
1-1: Ball
2-1: Ball
3-1: Base on Balls
Batting: RHB José Vega 0-0: Reached on error, E6 (Groundball, 6)
Pedro Delgado to third
Ricardo Medina to second
Batting: RHB Rudy Boyd 0-0: Ball
1-0: Called Strike
1-1: Ball
2-1: Ball
3-1: Called Strike
3-2: Foul Ball, location: 2F
3-2: SINGLE (Groundball, 34D)
Pedro Delgado scores
Ricardo Medina to third
José Vega to second
Runner from 3rd tries for Home, SAFE, no throw
Batting: RHB Dennis Kelly 0-0: Called Strike
0-1: Foul Ball, location: 2F
0-2: Ball
1-2: Strikes out looking
Batting: RHB Robert Blanchard 0-0: Ball
1-0: Ball
2-0: Ball
3-0: Called Strike
3-1: Foul Ball, location: 2F
3-2: SINGLE (Line Drive, 78S)
José Vega to third
Rudy Boyd to second
José Vega scores
Rudy Boyd to third
Pitching: RHP Alberto Meza
Batting: RHB Lawrence Howard 0-0: Ball
1-0: Swinging Strike
1-1: Called Strike
Robert Blanchard steals 2nd base
1-2: Strikes out swinging
Top of the 6th over - 4 run(s), 3 hit(s), 2 error(s), 2 left on base; Ottawa 8 - Yellowknife 0
BOTTOM OF THE 6TH
Yellowknife Claws batting - Pitching for Ottawa Fat Cats : RHP Mauro Ramos
Batting: SHB Brock Owens 0-0: Ball
1-0: Swinging Strike
1-1: Ball
2-1: Foul Ball, location: 2F
2-2: Foul Ball, location: 2F
2-2: Ball
3-2: Base on Balls
Pitching: RHP Joe Bell
Batting: SHB Armondo Goro 0-0: Ball
1-0: Ground out 3-1 (Groundball, 34S)
Brock Owens to second
Batting: RHB Noah Sturges 0-0: Foul Ball, location: 2F
0-1: Called Strike
0-2: Ground out 6-3 (Groundball, 6)
Batting: RHB Mario Díaz 0-0: Ground out 4-3 (Groundball, 4)
Bottom of the 6th over - 0 run(s), 0 hit(s), 0 error(s), 1 left on base; Ottawa 8 - Yellowknife 0
TOP OF THE 7TH
Ottawa Fat Cats batting - Pitching for Yellowknife Claws : RHP Alberto Meza
Batting: RHB Daniel Quintana 0-0: Ball
1-0: Foul Ball, location: 2F
1-1: Ball
2-1: Ball
3-1: Called Strike
3-2: Foul Ball, location: 2F
3-2: Base on Balls
Batting: RHB Joseph Leach 0-0: Ball
1-0: SINGLE (Groundball, 6MD)
Daniel Quintana to second
Batting: RHB Pedro Delgado 0-0: Called Strike
0-1: Reached on error, E5 (Groundball, 56D)
Daniel Quintana to third
Joseph Leach to second
Batting: RHB Ricardo Medina 0-0: SINGLE (Groundball, 6MD)
Daniel Quintana scores
Joseph Leach to third
Pedro Delgado to second
Batting: RHB José Vega 0-0: Ball
1-0: Called Strike
1-1: Ball
2-1: Foul Ball, location: 2F
2-2: Ball
3-2: Strikes out looking
Batting: RHB Rudy Boyd 0-0: Ball
1-0: Called Strike
1-1: Ball
2-1: Called Strike
2-2: SINGLE (Flyball, 9LS)
Joseph Leach scores
Pedro Delgado to third
Ricardo Medina to second
Runner from 3rd tries for Home, SAFE, throw made at trailing runner, SAFE at third!
Batting: RHB Dennis Kelly 0-0: Ball
1-0: Ball
2-0: Called Strike
2-1: Ball
3-1: Called Strike
3-2: Fly out, F9 (Flyball, 89M)
Runner from 3rd tags up, SCORES, no throw
Pitching: RHP Santiago Castillo
Batting: RHB Robert Blanchard 0-0: Foul Ball, location: 2F
0-1: DOUBLE (Groundball, 5L)
Rudy Boyd to third
Batting: RHB Lawrence Howard 0-0: Called Strike
0-1: Swinging Strike
0-2: Strikes out swinging
Top of the 7th over - 4 run(s), 4 hit(s), 1 error(s), 2 left on base; Ottawa 12 - Yellowknife 0
BOTTOM OF THE 7TH
Yellowknife Claws batting - Pitching for Ottawa Fat Cats : RHP Joe Bell
Batting: RHB Bob Bishop 0-0: Called Strike
0-1: Ball
1-1: Fly out, F9 (Flyball, 9LSF)
Batting: RHB Jeff Benson 0-0: Called Strike
0-1: Foul Ball, location: 2F
0-2: Ball
1-2: Ball
2-2: Foul Ball, location: 2F
2-2: Ground out 4-3 (Groundball, 4)
Batting: RHB Sergio Ortíz 0-0: Called Strike
0-1: Ball
1-1: Foul Ball, location: 2F
1-2: Ball
2-2: Ball
3-2: Strikes out swinging
Bottom of the 7th over - 0 run(s), 0 hit(s), 0 error(s), 0 left on base; Ottawa 12 - Yellowknife 0
TOP OF THE 8TH
Ottawa Fat Cats batting - Pitching for Yellowknife Claws : RHP Santiago Castillo
Batting: RHB Daniel Quintana 0-0: Ball
1-0: Ground out 6-3 (Groundball, 6)
Batting: RHB Joseph Leach 0-0: Ball
1-0: Called Strike
1-1: DOUBLE (Flyball, 78D)
Batting: RHB Pedro Delgado 0-0: Swinging Strike
0-1: Ball
1-1: Swinging Strike
Passed Ball!
Joseph Leach to third
1-2: Foul Ball, location: 2F
1-2: Foul Ball, location: 2F
1-2: Strikes out swinging
Batting: RHB Ricardo Medina 0-0: Foul Ball, location: 2F
0-1: Ground out 5-3 (Groundball, 5L)
Top of the 8th over - 0 run(s), 1 hit(s), 0 error(s), 1 left on base; Ottawa 12 - Yellowknife 0
BOTTOM OF THE 8TH
Yellowknife Claws batting - Pitching for Ottawa Fat Cats : RHP Joe Bell
Now at 1B: James Morris
Batting: RHB Preston Church 0-0: Foul Ball, location: 2F
0-1: Ball
1-1: Foul Ball, location: 2F
1-2: Foul Ball, location: 2F
1-2: Strikes out swinging
Batting: RHB Rubén Palma 0-0: Ball
1-0: Called Strike
1-1: Ground out U3 (Groundball, 23)
Batting: SHB Brock Owens 0-0: Called Strike
0-1: Foul Ball, location: 2F
0-2: Strikes out looking
Bottom of the 8th over - 0 run(s), 0 hit(s), 0 error(s), 0 left on base; Ottawa 12 - Yellowknife 0
TOP OF THE 9TH
Ottawa Fat Cats batting - Pitching for Yellowknife Claws : RHP Santiago Castillo
Batting: RHB José Vega 0-0: Ball
1-0: Ball
2-0: Swinging Strike
2-1: Foul Ball, location: 2F
2-2: Strikes out swinging
Batting: RHB Rudy Boyd 0-0: Called Strike
0-1: Swinging Strike
0-2: Ball
1-2: Ground out 1-3 (Groundball, 13)
Batting: RHB Dennis Kelly 0-0: Called Strike
0-1: Swinging Strike
0-2: Strikes out swinging
Top of the 9th over - 0 run(s), 0 hit(s), 0 error(s), 0 left on base; Ottawa 12 - Yellowknife 0
BOTTOM OF THE 9TH
Yellowknife Claws batting - Pitching for Ottawa Fat Cats : RHP Joe Bell
Now in LF: Manuel Díaz
Pinch Hitting: RHB Gerardo Andrade 0-0: Called Strike
0-1: Reached on error, E5 (Groundball, 56S)
Batting: RHB Noah Sturges 0-0: Called Strike
0-1: Foul Ball, location: 2F
0-2: SINGLE (Groundball, 5L) (infield hit)
Gerardo Andrade to third
Batting: RHB Mario Díaz 0-0: Hit by Pitch
Noah Sturges to second
Batting: RHB Bob Bishop 0-0: Ball
1-0: Ball
2-0: Ball
3-0: Called Strike
3-1: Foul Ball, location: 2F
3-2: Fly out, F6 (Line Drive, 6M)
Batting: RHB Jeff Benson 0-0: Ball
1-0: Ball
2-0: Fly out, F9 (Flyball, 9S)
Batting: RHB Sergio Ortíz 0-0: SINGLE (Groundball, 56D)
Gerardo Andrade scores
Noah Sturges to third
Mario Díaz to second
Runner from 3rd tries for Home, SAFE, throw made at trailing runner, OUT at third!
Bottom of the 9th over - 2 run(s), 2 hit(s), 1 error(s), 1 left on base; Ottawa 12 - Yellowknife 2
Tuesday, August 8th, 2017 - OOTP Baseball 17.12 Build 75